 Dungeon Sprint DCSS version 0.22-a0-877-g5c4e1af (webtiles) character file.

177 Brynnhild the Ducker (level 5, -7/47 HPs)
             Began as a Draconian Fighter on July 29, 2018.
             Was an Initiate of Cheibriados.
             Mangled by a hornet (10 damage)
             ... in the Dungeon (Sprint IX: "|||||||||||||||||||||||||||||").
             The game lasted 00:01:51 (425 turns).

Brynnhild the Ducker (Draconian Fighter)             Turns: 425, Time: 00:01:51

Health: -7/47      AC: 11    Str: 19    XL:     5   Next: 31%
Magic:  5/7        EV: 14    Int: 10    God:    Cheibriados [......]
Gold:   0          SH:  9    Dex: 12    Spells: 4/4 levels left

rFire    . . .     SeeInvis .   n - +2 scimitar (holy)
rCold    . . .     Gourm    .   b - +0 shield
rNeg     . . .     Faith    .   (armour unavailable)
rPois    .         Spirit   .   (helmet restricted)
rElec    .         Reflect  .   o - +0 cloak
rCorr    .         Harm     .   (no gloves)
MR       .....     NoTele   +   p - +0 pair of boots
Stlth    +.........             (no amulet)
HPRegen  0.15/turn              q - +2 ring of protection
MPRegen  0.10/turn              r - +2 ring of protection

@: lethally poisoned (-7 -> -25), very slightly contaminated, slowed, very slow
A: unfitting armour, cold-blooded, AC +5
a: Bend Time, Renounce Religion


You were in the Dungeon.
You worshipped Cheibriados.
Cheibriados was noncommittal.
You were not hungry.

You visited 1 branch

Inventory:

Hand Weapons
 a - a +0 long sword
 n - a +2 scimitar of holy wrath (weapon)
Armour
 b - a +0 shield (worn)
 o - a +0 cloak (worn)
 p - a +0 pair of boots (worn)
Jewellery
 q - a +2 ring of protection (left hand)
 r - a +2 ring of protection (right hand)
Wands
 m - a wand of iceblast (10)
Scrolls
 j - 2 scrolls of blinking
 k - 3 scrolls of remove curse
 l - 2 scrolls of amnesia
Potions
 c - a potion of might
 e - 5 potions of curing
 f - 3 potions of heal wounds
 g - a potion of haste
 h - 4 potions of magic
Comestibles
 d - a ration


   Skills:
 + Level 4.7 Fighting
 + Level 6.0 Long Blades
 + Level 7.6 Dodging
 + Level 4.1 Shields
 * Level 3.0 Invocations


You had 4 spell levels left.
You didn't know any spells.
Your spell library was empty.

Dungeon Overview and Level Annotations

Branches:
Dungeon (1/1)

Altars:
Cheibriados
Dithmenos
Elyvilon
Fedhas
Gozag
Hepliaklqana
Kikubaaqudgha
Makhleb
Nemelex Xobeh
Okawaru
Qazlal
Ru
Sif Muna
Trog
Uskayaw
Vehumet
Wu Jian
Xom
Yredelemnul
Zin
The Shining One
Beogh
Jiyva
Lugonu


Innate Abilities, Weirdness & Mutations

Your plain brown scales are hard. (AC +5)
You cannot fit into any form of body armour.
You are cold-blooded and may be slowed by cold attacks.


Message History

The hornet is moderately wounded.
You block the hornet's attack. The hornet barely misses you.
You riposte.
You hit the hornet but do no damage.
You tail-slap the hornet, but do no damage.
The hornet is moderately wounded.
You catch the helpless hornet completely off-guard!
You hit the hornet but do no damage.
The hornet is moderately wounded.
The hornet stings you.
You are poisoned.
You feel yourself slow down.
You miss the hornet.
The hornet is moderately wounded.
You flicker back into view.
You feel sick. The hornet stings you!
* * * LOW HITPOINT WARNING * * *
You are more poisoned.
You feel as though you will be slow longer.
The hornet stings you!
You die... ▓▓▓▓▓▓▓▓▓▓▓▓▓▓▓▓▓▓▓▓▓▓▓▓ +...Koy@(.[.()|..'______ ▓▓▓▓▓▓▓▓▓▓▓▓▓▓▓▓▓▓▓▓▓▓▓▓

You could see a hornet, a big kobold and an orc.

Vanquished Creatures
  A centaur (D)
  A scorpion (D)
  A hound (D)
  A bat (D)
  2 giant cockroaches (D)
  A goblin (D)
  2 kobolds (D)
  A quokka skeleton (D)
  A rat (D)
11 creatures vanquished.

Vanquished Creatures (others)
  An ice beast (D)
  A hound (D)
2 creatures vanquished.

Grand Total: 13 creatures vanquished

Notes
Turn   | Place    | Note
-------+----------+-------------------------------------------
     0 | D        | Brynnhild the Draconian Fighter began the quest for the Orb.
     0 | D        | Reached XP level 1. HP: 19/19 MP: 1/1
     5 | D        | Reached skill level 3 in Dodging
    35 | D        | Noticed a scorpion
    35 | D        | Noticed a hound
    48 | D        | Killed a hound
    48 | D        | Reached skill level 5 in Dodging
    48 | D        | Reached XP level 2. HP: 14/26 MP: 2/2
    48 | D        | Reached XP level 3. HP: 16/31 MP: 3/3
    51 | D        | Killed a scorpion
    51 | D        | Reached skill level 5 in Long Blades
    51 | D        | Reached skill level 6 in Dodging
    51 | D        | Reached XP level 4. HP: 18/38 MP: 4/4
   346 | D        | Found a roughly hewn altar of Beogh.
   346 | D        | Found a snail-covered altar of Cheibriados.
   346 | D        | Found a shadowy altar of Dithmenos.
   346 | D        | Found a white marble altar of Elyvilon.
   346 | D        | Found a blossoming altar of Fedhas.
   346 | D        | Found an opulent altar of Gozag.
   347 | D        | Found a hazy altar of Hepliaklqana.
   348 | D        | Found a viscous altar of Jiyva.
   349 | D        | Found an ancient bone altar of Kikubaaqudgha.
   350 | D        | Became a worshipper of Cheibriados the Contemplative
   351 | D        | Found a corrupted altar of Lugonu.
   352 | D        | Found a burning altar of Makhleb.
   353 | D        | Found a sparkling altar of Nemelex Xobeh.
   354 | D        | Found an iron altar of Okawaru.
   355 | D        | Found a stormy altar of Qazlal.
   356 | D        | Found a sacrificial altar of Ru.
   357 | D        | Found a deep blue altar of Sif Muna.
   358 | D        | Found a bloodstained altar of Trog.
   359 | D        | Found a hide-covered altar of Uskayaw.
   360 | D        | Found a radiant altar of Vehumet.
   361 | D        | Found an ornate altar of the Wu Jian Council.
   362 | D        | Found a shimmering altar of Xom.
   363 | D        | Found a basalt altar of Yredelemnul.
   364 | D        | Found a glowing silver altar of Zin.
   365 | D        | Found a glowing golden altar of the Shining One.
   405 | D        | Noticed a big kobold
   405 | D        | Noticed a hornet
   405 | D        | Noticed a centaur
   405 | D        | Noticed an ice beast
   409 | D        | Reached skill level 7 in Dodging
   411 | D        | Killed an ice beast
   411 | D        | Reached skill level 1 in Invocations
   414 | D        | Killed a centaur
   414 | D        | Reached XP level 5. HP: 39/47 MP: 4/7
   425 | D        | Mangled by a hornet

Vault maps used:
D:        linesprint

Skill      XL: |  1  2  3  4 |
---------------+-------------+-----
Dodging        | 5 6 7 |  7.6
Long Blades    | 4 5 6 |  6.0
Invocations    | 3 |  3.0
Fighting       | 4 |  4.7
Shields        | 4 |  4.1

Action                   |  1- 3 |  4- 6 || total
-------------------------+-------+-------++-------
Melee: Long sword        |    20 |     4 ||    24
       Tailslap          |     3 |     5 ||     8
       Scimitar          |       |    18 ||    18
  Use: Potion            |     1 |     1 ||     2
 Stab: Invisible         |       |     4 ||     4
Armor: Skin              |     4 |     4 ||     8
Dodge: Dodged            |     6 |    15 ||    21
Block: Shield            |     8 |    11 ||    19
       Rpst.: Scimitar   |       |     6 ||     6

Table legend:
 A = Spawn XP
 B = Non-spawn XP
 C = Spawn XP percentage of total XP
 D = Spawn monster count
 E = Non-spawn monster count
 F = Spawn count percentage of total count
 G = Total turns spent on level
                    A         B        C        D         E        F      G
               +---------+---------+-------+---------+---------+-------+---------
         Total |       0 |     254 |   0.0 |       0 |      13 |   0.0 |   425
               +---------+---------+-------+---------+---------+-------+---------
             D |       0 |     254 |   0.0 |       0 |      13 |   0.0 |   425
               +---------+---------+-------+---------+---------+-------+---------
